 Dungeon Crawl Stone Soup version 0.29.1-15-g9cfb28693d (webtiles) character file.

Game seed: 14785228847397170310

354 Smoke131 the Trooper (level 6, -1/66 HPs)
             Began as an Ogre Gladiator on Apr 14, 2023.
             Was a Follower of Okawaru.
             Succumbed to a scorpion's poison
             ... on level 4 of the Dungeon.
             The game lasted 00:07:01 (3900 turns).

Smoke131 the Trooper (Ogre Gladiator)               Turns: 3900, Time: 00:07:01

Health: -1/66      AC:  3    Str: 18 (21) XL:     6   Next: 63%
Magic:  6/6        EV: 10    Int:  7 (9)  God:    Okawaru [*.....]
Gold:   186        SH:  0    Dex:  7 (10) Spells: 5/5 levels left

rFire   + . .      SeeInvis .   a - +0 trident
rCold   . . .      Faith    .   (no shield)
rNeg    . . .      Spirit   .   b - +0 robe
rPois   .          Reflect  .   c - +0 hat
rElec   .          Harm     .   (no cloak)
rCorr   .          Rampage  .   (gloves unavailable)
Will    .....                   (boots unavailable)
Stlth   +.........              (no amulet)
HPRegen 0.21/turn               m - ring of protection from fire
MPRegen 0.10/turn               i - +4 ring of slaying

@: lethally poisoned (-1 -> -4), on berserk cooldown, attractive, flying,
slowed, very slow
A: large, unfitting armour, tough skin 1
a: Renounce Religion, Heroism


You were on level 4 of the Dungeon.
You worshipped Okawaru.
Okawaru was aware of your devotion.
You visited 2 branches of the dungeon, and saw 5 of its levels.

You collected 186 gold pieces.

Inventory:

Hand Weapons
 a - a +0 trident (weapon)
Missiles
 d - 3 throwing nets
 e - a large rock
 f - 5 poisoned darts (quivered)
Armour
 b - a +0 robe (worn)
 c - a +0 hat (worn)
Jewellery
 i - a +4 ring of slaying (right hand)
 m - a ring of protection from fire (left hand)
 p - a ring of flight
Scrolls
 g - a scroll of poison
 j - a scroll of enchant armour {unknown}
Potions
 k - a potion of berserk rage
 r - a potion of lignification {unknown}
 s - a potion of invisibility {unknown}


   Skills:
 + Level 5.5 Fighting
 + Level 4.7 Polearms
 + Level 4.1 Throwing
 - Level 3.0 Dodging


You had 5 spell levels left.
You didn't know any spells.
Your spell library was empty.

Dungeon Overview and Level Annotations

Branches:
Dungeon (4/15)             Temple (1/1) D:4

Altars:
Cheibriados
Elyvilon
Hepliaklqana
Okawaru
Ru
Yredelemnul
Zin
The Shining One


Innate Abilities, Weirdness & Mutations

You are too large for most types of armour.
You have tough skin. (AC +1)


Message History

* * * LOW HITPOINT WARNING * * *
You hit the scorpion.
The scorpion is heavily wounded.
* * * LOW HITPOINT WARNING * * *
You feel very sick. The scorpion stings you.
* * * LOW HITPOINT WARNING * * *
You impale the scorpion!!
You kill the scorpion!
Okawaru accepts your kill.
You can now gain great but temporary skills.
* * * LOW HITPOINT WARNING * * *
You feel very sick.
Your Throwing skill increases to level 4!
You are too berserk!
* * * LOW HITPOINT WARNING * * *
You feel sick.
You feel a strong urge to attack something.
* * * LOW HITPOINT WARNING * * *
You feel sick.
* * * LOW HITPOINT WARNING * * *
You feel sick.
You feel your anger nearly subside.
You are no longer berserk.
You are exhausted.
You feel yourself slow down.
* * * LOW HITPOINT WARNING * * *
You feel sick.
It was a potion of attraction.
You feel attractive to monsters.
* * * LOW HITPOINT WARNING * * *
You feel very sick.
It was a potion of flight.
You feel very buoyant.
You fly up into the air.
* * * LOW HITPOINT WARNING * * *
You feel sick.
It was a potion of degeneration.
There was something very wrong with that liquid.
You feel weakened.
You feel dopey.
You feel clumsy.
You die...

.#.#.#.#.#......##..#.,*,.#*,,,,,
...........##...#.#.#.###.#*,,,,,
.#.......#..#...#.#.##.#).#,,,,,,
............#.....#.#†$.#*,,,,,,,
.#...>...#........##.#.#.###,,,,,
.....................###....,,,,,
.#.......#...####............,,,,
...............................,*
.#.#.#.#.#.###..@....#.........,,
...........#*#.......#.........**
...........#.........#.......##**
...........#.........#*.....,,,**
.....................#*....#,*,**
,,,,,................#*,...#,,,,*
,,,**,,,.............++,,,,~~,,,*
,,,***,,..##.........#*,,,,*~,,,*
,,,,,,,,,,,,,**,,,,,,,+,,,~*~,,~*


There were no monsters in sight!

Vanquished Creatures
  A necrophage (D:4)
  A scorpion (D:4)
  A howler monkey (D:3)
  A hound (D:4)
  An orc wizard (D:3)
  A gnoll (D:1)
  3 adders (D:2)
  3 worms
  3 dart slugs
  7 orcs (D:3)
  4 endoplasms
  5 giant cockroaches
  9 goblins
  6 hobgoblins
  9 jackals
  2 quokkas (D:2)
  4 ball pythons
  9 bats
  3 frilled lizards
  6 kobolds
  4 rats
83 creatures vanquished.

Vanquished Creatures (others)
  10 plants (D:4)
10 creatures vanquished.

Grand Total: 93 creatures vanquished

Notes
Turn   | Place    | Note
-------+----------+-------------------------------------------
     0 | D:1      | Smoke131 the Ogre Gladiator began the quest for the Orb.
     0 | D:1      | Reached XP level 1. HP: 22/22 MP: 1/1
   110 | D:1      | Reached XP level 2. HP: 18/29 MP: 2/2
   111 | D:1      | Reached skill level 3 in Fighting
   588 | D:1      | Reached XP level 3. HP: 24/37 MP: 3/3
  1409 | D:2      | Reached XP level 4. HP: 44/48 MP: 4/4
  1702 | D:2      | Reached skill level 4 in Fighting
  2504 | D:3      | Found a sacrificial altar of Ru.
  2530 | D:3      | Reached XP level 5. HP: 35/55 MP: 5/5
  3755 | D:4      | Found a staircase to the Ecumenical Temple.
  3779 | Temple   | Entered the Ecumenical Temple
  3814 | Temple   | Became a worshipper of Warmaster Okawaru
  3868 | D:4      | Reached skill level 5 in Fighting
  3868 | D:4      | Reached XP level 6. HP: 59/66 MP: 6/6
  3893 | D:4      | Reached * piety under Okawaru
  3898 | D:4      | HP: 1/66 [poisoned by a scorpion]
  3900 | D:4      | Succumbed to a scorpion's poison

Illustrated notes

Levels and vault maps discovered:
D:1:      lightli_arrival_boilingwater, layout_loops_ring
D:2:      layout_loops_ring, minmay_close_crescents
D:3:      layout_rooms, nicolae_ru_great_annihilating_truth
D:4:      layout_basic, minmay_temple_entry_glass, serial_bayou,
          serial_bayou_shore_b, serial_bayou_pond_e, serial_bayou_shore_b,
          serial_bayou_pond_a, serial_bayou_lake_a, serial_bayou_ford_a,
          minmay_pentomino_pile
Temple:   nicolae_temple_superstar

Skill      XL: |  1  2  3  4  5  6 |
---------------+-------------------+-----
Fighting       | 3 4 5 |  5.5
Dodging        | 3 |  3.0
Throwing       | 3 4 |  4.1
Polearms       | 4 |  4.7

Action                   |  1- 3 |  4- 6 || total
-------------------------+-------+-------++-------
Melee: Trident           |   108 |   194 ||   302
       Punch             |     1 |     2 ||     3
  Use: Scroll            |       |     6 ||     6
       Potion            |       |     4 ||     4
 Stab: Paralysed         |       |     2 ||     2
Armor: Robe              |    47 |    67 ||   114
Dodge: Dodged            |    78 |   108 ||   186
